Unix NetHack Version 5.0.0-0 post-release - last build Jun 10 2026 00:39:30 (3ee93aec679c4c4259841fe613dc97188e26a321,branch:main).

Game began 2026-06-11 14:23:28, ended 2026-06-11 14:51:53.

CyberFan, neutral male human Tourist

                           ------                  ---------
   -------------          #|....|                  |.......|
   |.....l.....|          #|....|                  |(+...%.|
   |............######*####|....|                  ........|
   |>----@.(...|          #|....-                # |.......[###
   |..........u|          #--|- -                ##........|  ##
   -------+-----         #####         -------    #|.......|   ##
                         #   #  #      |.....|    #---------    ## ----------
                         #   ## #      |.....|  ####             #|.........|
                         #   ####      |..%..| ##                #.[..(.....|
                         #    # #      |......##                  |...\.....|
                 --------#   -.-.--#   |.....|                     ----------
                 |......|#   |.....####....).|
                 |..[...-#   |....|    -------
                 |.{....|    |...<|
                 --------    |....|
                             ------

CyberFan the Excursionist   St:9 Dx:12 Co:16 In:11 Wi:9 Ch:17  Neutral
Dlvl:6  $:20 HP:0(42) Pw:26(26) AC:2  Xp:6/414 T:3214 

Latest messages:
 You hear the splashing of a naiad.
 You swap places with your horse.
 You try to move the boulder, but in vain.
 You try to move the boulder, but in vain.
 You try to move the boulder, but in vain.
 What do you want to use or apply? [opsyORSX or ?*]
 In what direction do you want to dig? [hykunjb>]
 You start hitting the boulder.
 You hit the boulder with all your might.
 The boulder falls apart.
 You see here 66 rocks.
 You find a hidden passage.
 That door is closed.
 In what direction?
 The door opens.
 KABOOM!!  The door was booby-trapped!
 You stagger...
 You feel a bit steadier now.
 In what direction?
 You throw 2 darts.
 The 1st dart hits the leprechaun.
 The 2nd dart hits the leprechaun!
 You feel wise!
 You must have been very observant.
 You feel agile!
 You must have been working on your reflexes.
 You miss the dust vortex.
 The dust vortex misses!
 The dust vortex engulfs you!
 You can't see in here!
 You destroy the dust vortex!
 You can see again.
 The horse drops a leash.
 You hear a nearby zap.
 The bolt of cold whizzes by you!
 You stop waiting.
 The bolt of cold misses the horse.
 You see here a leash.
 Pick a monster, object or location.
 The Elvenqueen zaps a tin wand!
 The bolt of cold hits you!
 The bolt of cold bounces!
 a - 2 uncursed +2 darts (at the ready) (3 in total).
 The Elvenqueen zaps a wand of cold!
 The bolt of cold hits you!
 You hear the howling of the CwnAnnwn...
 The bolt of cold bounces!
 The Elvenqueen zaps a wand of cold!
 The bolt of cold hits you!
 You die...

Inventory:
 Coins    ('$')
  $ - 20 gold pieces
 Amulets  ('"')
  t - a cursed amulet of change named cursed
 Weapons  (')')
  d - an uncursed +0 crossbow bolt
  a - 3 uncursed +2 darts (at the ready)
  q - 8 uncursed +0 darts
  l - an uncursed +0 aklys
  s - an uncursed -1 dwarvish mattock (weapon in hands)
 Armor    ('[')
  I - an uncursed +0 dwarvish iron helm (being worn)
  P - an uncursed +0 pair of jumping boots (being worn)
  Z - an uncursed +0 dwarvish cloak (being worn)
  n - an uncursed +0 Hawaiian shirt with an orchid motif (being worn)
  L - a blessed +0 elven mithril-coat (being worn)
 Comestibles  ('%')
  T - an uncursed jackfruit
  i - an uncursed clove of garlic
  R - an uncursed cream pie
  c - an uncursed food ration
  h - an uncursed orange
  j - an uncursed pancake
  Y - 2 uncursed tripe rations
  g - an uncursed egg
 Scrolls  ('?')
  U - an uncursed scroll of amnesia
  A - an uncursed scroll of create monster
  x - an uncursed scroll of food detection
  N - an uncursed scroll of identify
  Q - a cursed scroll of identify
  m - 3 uncursed scrolls of magic mapping
 Potions  ('!')
  u - an uncursed potion of booze
  z - an uncursed potion of levitation
  M - an uncursed potion of see invisible
  D - a blessed potion of sleeping
  v - 2 uncursed potions of speed
 Wands    ('/')
  X - an uncursed wand of digging (0:4)
  y - an uncursed wand of undead turning (0:6)
 Tools    ('(')
  O - an uncursed bag of tricks (0:17)
  p - an uncursed credit card
  o - an uncursed expensive camera (0:35)
  S - an uncursed magic whistle
 Gems/Stones  ('*')
  H - an uncursed aquamarine stone
  K - an uncursed dilithium crystal
  V - an uncursed fluorite stone
  C - an uncursed worthless piece of black glass
  f - 2 uncursed worthless pieces of blue glass
  r - an uncursed worthless piece of green glass
  e - an uncursed worthless piece of orange glass
  F - an uncursed worthless piece of white glass
  E - an uncursed worthless piece of yellowish brown glass

CyberFan the Tourist's attributes:

Background:
 You were an Excursionist, a level 6 male human Tourist.
 You were neutral, on a mission for The Lady
 who was opposed by Blind Io (lawful) and Offler (chaotic).
 You were right-handed.
 You were in the Dungeons of Doom, on level 6.
 You entered the dungeon 3214 turns ago.
 You had 414 experience points, 226 more were needed to attain level 7.

Basics:
 You had 0 out of 42 hit points.
 You had all 26 energy points (spell power).
 Your armor class was 2.
 Your wallet contained 20 zorkmids.
 Autopickup was on for '$%?!"=/*' plus thrown, with exceptions.

Final Characteristics:
 Your strength was 9 (limit:18/100).
 Your dexterity was 12 (limit:18).
 Your constitution was 16 (limit:18).
 Your intelligence was 11 (limit:18).
 Your wisdom was 9 (limit:18).
 Your charisma was 17 (limit:18).

Final Status:
 You weren't hungry.
 You were unencumbered.
 You were wielding a mattock.
 You were unskilled in pick-axe.

Final Attributes:
 You were piously aligned.
 Your items were somewhat protected from fire.
 Your items were somewhat protected from cold.
 You were telepathic.
 You could jump.
 You were guarded.
 Your spell casting was impaired by metallic armor.
 You are dead.

Miscellaneous:
 You disabled loading and storing of bones levels.
 Total elapsed playing time was 28 minutes and 24 seconds.

Major events:
 Turn
    1: CyberFan the neutral male human Tourist entered the dungeon
  637: attained the rank of Sightseer (level 3)
 1502: entered the Gnomish Mines
 2232: reached Mine Town
 2396: attained the rank of Excursionist (level 6)
 3214: killed by a bolt of cold zapped by an Elvenqueen

Spells:
 Name                 Level Category     Fail Retention
 healing                1   healing      100%  76%-100%

Skills:
 Fighting Skills
   bare handed combat [Unskilled]
   two weapon combat  [Unskilled]
   riding             [Unskilled]
 Weapon Skills
   dagger             [Unskilled]
   knife              [Unskilled]
   axe                [Unskilled]
   pick-axe           [Unskilled]
   short sword        [Unskilled]
   broadsword         [Unskilled]
   long sword         [Unskilled]
   two-handed sword   [Unskilled]
   saber              [Unskilled]
   mace               [Unskilled]
   morning star       [Unskilled]
   flail              [Unskilled]
   hammer             [Unskilled]
   quarterstaff       [Unskilled]
   polearms           [Unskilled]
   spear              [Unskilled]
   trident            [Unskilled]
   lance              [Unskilled]
   bow                [Unskilled]
   sling              [Unskilled]
   crossbow           [Unskilled]
   dart               [Skilled]
   shuriken           [Unskilled]
   boomerang          [Unskilled]
   whip               [Unskilled]
   unicorn horn       [Unskilled]
 Spellcasting Skills
   divination spells  [Unskilled]
   enchantment spells [Unskilled]
   escape spells      [Unskilled]

Voluntary challenges:
 Character rerolling was not enabled.
 You never genocided any monsters.
 You never polymorphed an object.
 You never changed form.
 You used no wishes.
Achievements:
 You attained the rank of Sightseer.
 You entered a shop.
 You entered the Gnomish Mines.
 You entered Minetown.
 You attained the rank of Excursionist.

 The Dungeons of Doom: levels 1 to 6
    Level 1:
    Level 2:
       An armor shop, a grave.
    Level 3:
       A ring shop.
    Level 4:
       A general store, a grave.
       Stairs down to The Gnomish Mines.
    Level 5:
       A fountain.
    Level 6: <- You were here.
       A throne, a fountain.
       Final resting place for
          you, killed by a bolt of cold zapped by an Elvenqueen.
 The Gnomish Mines: levels 5 to 7
    Level 5:
    Level 6:
    Level 7:


Vanquished creatures:
 an orc mummy
  a dingo
  a dust vortex
  a bugbear
  a yellow light
  4 gnome leaders
  a gnomish wizard
  a gray ooze
  a little dog
  a floating eye
  a kitten
  4 dwarves
  a homunculus
  a kobold leader
  2 hill orcs
  a giant bat
  3 iguanas
 an acid blob
  2 hobbits
  5 manes
  a large kobold
  2 hobgoblins
  a cave spider
  a brown mold
  2 red molds
 13 gnomes
  5 garter snakes
  2 geckos
  2 jackals
  a fox
  2 kobolds
  3 goblins
  2 sewer rats
  4 grid bugs
  2 lichens
77 creatures vanquished.

No species were genocided or became extinct.

Game over:
                       ----------
                      /          \
                     /    REST    \
                    /      IN      \
                   /     PEACE      \
                  /                  \
                  |     CyberFan     |
                  |      20 Au       |
                  | killed by a bolt |
                  |  of cold zapped  |
                  | by an Elvenqueen |
                  |                  |
                  |       2026       |
                 *|     *  *  *      | *
        _________)/\\_//(\/(/\)/\//\/|_)_______

Aloha CyberFan the Tourist...

You died in The Dungeons of Doom on dungeon level 6 with 1976 points,
and 20 pieces of gold, after 3214 moves.
You were level 6 with a maximum of 42 hit points when you died.

